 Dungeon Crawl Stone Soup version 0.13.1-22-g086cdba (webtiles) character file.

990 Mitsuki the Quickloader (level 7, -4/45 (53) HPs)
             Began as a Centaur Hunter on Jan 4, 2014.
             Slain by a worker ant (6 damage)
             ... on Level 5 of the Dungeon.
             The game lasted 00:20:44 (3390 turns).

Mitsuki the Quickloader (Centaur Hunter)            Turns: 3390, Time: 00:20:45

HP  -4/45 (53)   AC  7     Str 13 (15) XL: 7   Next: 39%
MP   4/4         EV  9     Int  7 (10) God:
Gold 286         SH  0     Dex 11      Spells:  1 memorised,  4 levels left

Res.Fire  : . . .   See Invis. : .   b - +1 crossbow
Res.Cold  : . . .   Warding    : .   c - +3 leather armour {rPois}
Life Prot.: . . .   Conserve   : .   (no shield)
Res.Poison: +       Res.Corr.  : .   (no helmet)
Res.Elec. : .       Clarity    : +   (no cloak)
Sust.Abil.: + .     Spirit.Shd : .   (no gloves)
Res.Mut.  : .       Stasis     : .   (no barding)
Res.Rott. : .       Flight     : .   y - amulet of clarity
Saprovore : . . .                    k - ring of sustain abilities
                                     j - ring of protection from magic

@: very quick, quite resistant to hostile enchantments, extremely unstealthy
A: hooves 3, deformed body, herbivore 1, speed 2, fast metabolism 1, tough skin
3
a: no special abilities


You were on level 5 of the Dungeon.
You were not hungry.

You visited 1 branch of the dungeon, and saw 5 of its levels.

You collected 266 gold pieces.

Inventory:

Hand weapons
 a - a cursed +0,+0 short sword
 b - a +1,+1 crossbow (weapon)
Missiles
 g - 4 bolts of penetration (quivered)
Armour
 c - a +3 leather armour of poison resistance (worn)
 d - a +0 leather armour
Magical devices
 o - a wand of random effects (15)
 r - a wand of fire (10) {unknown}
Comestibles
 f - 4 bread rations
 v - a lemon
Scrolls
 e - 3 scrolls of identify
 h - a scroll of enchant weapon I {unknown}
 n - 5 scrolls of remove curse
 p - a scroll of blinking
 u - a scroll of teleportation
Jewellery
 j - a ring of protection from magic (left hand)
 k - a ring of sustain abilities (right hand)
 q - a +3 ring of intelligence
 y - an amulet of clarity (around neck)
Potions
 i - 3 potions of curing
 l - 3 potions of heal wounds
 m - 3 potions of might
Books
 w - a book of Fire

   Spells                             Type                      Level
   *Fire Brand                        Charms/Fire                  2
   Ignite Poison                      Fire/Transmutation           5
   Fireball                           Conjuration/Fire             5
   Bolt of Fire                       Conjuration/Fire             6
   Delayed Fireball                   Conjuration/Fire             7
   Ring of Flames                     Charms/Fire                  7


   Skills:
 - Level 1.0 Fighting
 + Level 9.8 Crossbows
 - Level 1.3 Dodging
 - Level 0.5 Stealth
 + Level 0.5 Charms
 + Level 0.3 Fire Magic
 + Level 0.2 Evocations


You had 4 spell levels left.
You knew the following spells:

 Your Spells              Type           Power        Failure   Level  Hunger
a - Fire Brand            Chrm/Fire      #.........   73%         2    ###....


Dungeon Overview and Level Annotations

Branches:
Dungeon (5/27)
 Temple: D:4-7

Altars:


Innate Abilities, Weirdness & Mutations

You have hooves in place of feet.
Armour fits poorly on your strangely shaped body.
You digest meat inefficiently.
You cover ground very quickly.
You have a fast metabolism.
You have extremely tough skin (AC +3).


Message History

The worker ant is moderately wounded.
The worker ant completely misses you.
Firing (i - inventory):
g - 6 bolts of penetration (quivered)
Press: ? - help, Shift-Dir - straight line, f/p - worker ant
Aim: a worker ant (moderately wounded)
You shoot a bolt of penetration.
The bolt of penetration pierces through the worker ant.
The worker ant is moderately wounded.
The worker ant bites you.
* * * LOW HITPOINT WARNING * * *
The worker ant bites you.
* * * LOW HITPOINT WARNING * * *
Firing (i - inventory):
g - 5 bolts of penetration (quivered)
Press: ? - help, Shift-Dir - straight line, f/p - worker ant
Aim: a worker ant (moderately wounded)
You shoot a bolt of penetration.
The bolt of penetration pierces through the worker ant.
The worker ant is moderately wounded.
The worker ant bites you.
You die...

#..............
#!..............
#.......§....§§§.
#.....§≈§§≈§≈§≈§..
#.....≈......§§§§§ ..
#.....≈.......§§§§ #..
#######.....≈.......≈.≈≈≈
#..
............≈.......≈.§§§ ≈
#..
........(...§..a@...≈.≈§§≈≈≈
#.. ####≈≈≈....≈.......§.≈≈§
≈≈##.{ #§≈≈≈............≈.§§
...{ #≈≈§≈....§.......≈.≈≈
#.. ##§§§....≈.......§.≈§
#.< ##§≈....≈.......≈.§ #..
##≈....≈.......≈§ #..
########...§≈........ #.#
...........§≈§§≈≈≈§ ≈ § #.#


You could see a worker ant.

Vanquished Creatures
  Grinder (D:5)
  Edmund (D:5)
  Menkaure (D:5)
  An orc priest (D:5)
  A hound (D:4)
  A scorpion (D:4)
  A worker ant (D:4)
  Ijyb (D:2)
  3 adders
  A worm (D:4)
  An iguana zombie (D:4)
  A giant eyeball (D:4)
  3 giant geckos
  8 orcs
  2 bat skeletons (D:4)
  5 giant cockroaches
  7 hobgoblins
  12 jackals
  A quokka (D:2)
  A ball python (D:1)
  5 bats
  7 giant newts
  8 goblins
  A hobgoblin skeleton (D:4)
  7 kobolds
  8 rats
89 creatures vanquished.

Notes
Turn   | Place    | Note
--------------------------------------------------------------
     0 | D:1      | Mitsuki, the Centaur Hunter, began the quest for the Orb.
     0 | D:1      | Reached XP level 1. HP: 17/17 MP: 0/0
   130 | D:1      | Reached XP level 2. HP: 24/24 MP: 1/1
   138 | D:1      | Reached skill level 5 in Crossbows
   714 | D:2      | Reached XP level 3. HP: 17/21 MP: 2/2
  1072 | D:2      | Noticed Ijyb
  1084 | D:2      | Killed Ijyb
  1084 | D:2      | Reached skill level 6 in Crossbows
  1084 | D:2      | Reached XP level 4. HP: 21/28 MP: 2/2
  2178 | D:4      | Reached skill level 7 in Crossbows
  2178 | D:4      | Reached XP level 5. HP: 28/33 MP: 3/3
  2384 | D:4      | Paralysed by a giant eyeball for 4 turns
  2391 | D:4      | Paralysed by a giant eyeball for 3 turns
  2454 | D:4      | Learned a level 2 spell: Fire Brand
  3071 | D:5      | Entered Level 5 of the Dungeon
  3222 | D:5      | Noticed Menkaure
  3229 | D:5      | Killed Menkaure
  3229 | D:5      | Reached skill level 8 in Crossbows
  3229 | D:5      | Reached XP level 6. HP: 21/40 MP: 4/4
  3281 | D:5      | Noticed Edmund
  3312 | D:5      | Killed Edmund
  3312 | D:5      | Reached skill level 9 in Crossbows
  3349 | D:5      | Noticed Grinder
  3352 | D:5      | Paralysed by Grinder for 5 turns
  3360 | D:5      | Killed Grinder
  3360 | D:5      | Reached XP level 7. HP: 13/45 MP: 4/4
  3389 | D:5      | HP: 2/45 [worker ant (5)]
  3390 | D:5      | Slain by a worker ant

Action                   |  1- 3 |  4- 6 |  7- 9 || total
-------------------------+-------+-------+-------++-------
 Fire: Crossbow          |    68 |   123 |     5 ||   196
 Cast: Fire Brand        |       |     1 |       ||     1
Evoke: Wand              |       |     2 |       ||     2
  Use: Scroll            |     4 |     9 |       ||    13
       Potion            |     3 |     4 |       ||     7
